| TOP OF THE 1ST |
|
Portland Sea Dogs batting - Pitching for Montgomery Biscuits : RHP Larry Bower
|
|
Pitching: RHP Larry Bower
|
|
|
Batting: RHB Zi-jing Wang
|
0-0: Ball 1-0: SINGLE (Groundball, 6MD, EV 98.1 MPH)
|
|
Batting: LHB Dave Reyes
|
0-0: Fly out, F3 (Line Drive, 34, EV 68.8 MPH) Lined into DP, U3 (Line Drive, 34, EV 70.6 MPH)
|
|
Batting: LHB David Moore
|
0-0: Ball 1-0: Foul Ball, location: 2F 1-1: Ground out 4-3 (Groundball, 4, EV 83.1 MPH)
|
| Top of the 1st over - 0 runs, 1 hit, 0 errors, 0 left on base; Portland 0 - Montgomery 0 |
| BOTTOM OF THE 1ST |
|
Montgomery Biscuits batting - Pitching for Portland Sea Dogs : RHP Chris Cory
|
|
Pitching: RHP Chris Cory
|
|
|
Batting: LHB Darryl Gonnella
|
0-0: Ball 1-0: Called Strike 1-1: Swinging Strike 1-2: Strikes out swinging
|
|
Batting: RHB Chris Thorson
|
0-0: Foul Ball, location: 2F 0-1: DOUBLE (Groundball, 3L, EV 94.4 MPH)
|
|
Batting: SHB Joey Pacheco
|
0-0: Swinging Strike 0-1: Ball 1-1: Foul Ball, location: 2F 1-2: Ball 2-2: Ball 3-2: Foul Ball, location: 2F 3-2: Base on Balls
|
|
Batting: RHB Alex Diaz
|
0-0: Ball 1-0: Ball 2-0: Fly out, F7 (Flyball, 78M, EV 93.1 MPH)
|
|
Batting: LHB Eric Toney
|
0-0: Ball 1-0: Swinging Strike 1-1: Foul Ball, location: 2F 1-2: Reached on error, E6 (Groundball, 6, EV 85.6 MPH) Chris Thorson to third Joey Pacheco to second
|
|
Batting: RHB James Huddleston
|
0-0: Ball 1-0: Fielders Choice at 2nd, 6-4 (Groundball, 6, EV 95.6 MPH)
|
| Bottom of the 1st over - 0 runs, 1 hit, 1 error, 3 left on base; Portland 0 - Montgomery 0 |
| TOP OF THE 2ND |
|
Portland Sea Dogs batting - Pitching for Montgomery Biscuits : RHP Larry Bower
|
|
Batting: RHB Dave Burwell
|
0-0: Called Strike 0-1: Swinging Strike 0-2: Foul Ball, location: 2F 0-2: Strikes out looking
|
|
Batting: LHB Sergio Tinoco
|
0-0: Called Strike 0-1: Ball 1-1: Fly out, F7 (Line Drive, 7, EV 85.0 MPH)
|
|
Batting: RHB Alex Melendez
|
0-0: Called Strike 0-1: Swinging Strike 0-2: Ball 1-2: Strikes out swinging
|
| Top of the 2nd over - 0 runs, 0 hits, 0 errors, 0 left on base; Portland 0 - Montgomery 0 |
| BOTTOM OF THE 2ND |
|
Montgomery Biscuits batting - Pitching for Portland Sea Dogs : RHP Chris Cory
|
|
Batting: RHB Roberto Aispuro
|
0-0: SINGLE (Groundball, 56S, EV 74.4 MPH) (infield hit)
|
|
Batting: LHB Danny Hull
|
0-0: Ball Roberto Aispuro is caught stealing 2nd base 2-6 1-0: Ball 2-0: Called Strike 2-1: Ball 3-1: Foul Ball, location: 2F 3-2: Foul Ball, location: 2F 3-2: Foul Ball, location: 2F 3-2: Foul Ball, location: 2F 3-2: Foul Ball, location: 2F 3-2: Foul Ball, location: 2F 3-2: SOLO HOME RUN (Line Drive, 89XD, EV 108.8 MPH), Distance : 424 ft
|
|
Batting: RHB Dave Galloway
|
0-0: Ball 1-0: Reached on error, E6 (Groundball, 6, EV 105.0 MPH)
|
|
Batting: LHB Darryl Gonnella
|
0-0: Foul Ball, location: 2F 0-1: Ball 1-1: SINGLE (Line Drive, 8RS, EV 98.8 MPH) Dave Galloway to second
|
|
Batting: RHB Chris Thorson
|
0-0: Called Strike 0-1: Foul Ball, location: 2F 0-2: Ball 1-2: Foul Ball, location: 2F 1-2: Foul Ball, location: 2F 1-2: Ball 2-2: 3-RUN HOME RUN (Flyball, 78XD, EV 105.0 MPH), Distance : 410 ft
|
|
Batting: SHB Joey Pacheco
|
0-0: Ball 1-0: Reached on error, E6 (Groundball, 4M, EV 104.4 MPH)
|
|
Batting: RHB Alex Diaz
|
0-0: Called Strike 0-1: Ball 1-1: Called Strike 1-2: Fly out, F7 (Flyball, 7LMF, EV 89.4 MPH)
|
|
Batting: LHB Eric Toney
|
0-0: Ball Joey Pacheco is caught stealing 2nd base 2-6
|
| Bottom of the 2nd over - 4 runs, 4 hits, 2 errors, 0 left on base; Portland 0 - Montgomery 4 |
| TOP OF THE 3RD |
|
Portland Sea Dogs batting - Pitching for Montgomery Biscuits : RHP Larry Bower
|
|
Batting: RHB Mike Batko
|
0-0: Ball 1-0: Foul Ball, location: 2F 1-1: Ball 2-1: Ground out 6-3 (Groundball, 6, EV 85.6 MPH)
|
|
Batting: RHB Frank Sokolosky
|
0-0: Called Strike 0-1: Foul Ball, location: 2F 0-2: Ball 1-2: Foul Ball, location: 2F 1-2: Ground out 5-3 (Groundball, 56S, EV 86.2 MPH)
|
|
Batting: SHB Gus Cruz
|
0-0: Called Strike 0-1: Ground out 4-3 (Groundball, 4, EV 81.9 MPH)
|
| Top of the 3rd over - 0 runs, 0 hits, 0 errors, 0 left on base; Portland 0 - Montgomery 4 |
| BOTTOM OF THE 3RD |
|
Montgomery Biscuits batting - Pitching for Portland Sea Dogs : RHP Chris Cory
|
|
Batting: LHB Eric Toney
|
0-0: Foul Ball, location: 2F 0-1: Ball 1-1: Ball 2-1: DOUBLE (Line Drive, 9LM, EV 92.5 MPH)
|
|
Batting: RHB James Huddleston
|
0-0: Foul Ball, location: 2F 0-1: Foul Ball, location: 2F 0-2: Ball 1-2: Strikes out looking
|
|
Batting: RHB Roberto Aispuro
|
0-0: Swinging Strike 0-1: Foul Ball, location: 2F 0-2: Strikes out looking
|
|
Batting: LHB Danny Hull
|
0-0: 2-RUN HOME RUN (Flyball, 9LD, EV 95.6 MPH), Distance : 356 ft
|
|
Pitching: RHP Riley Pooley
|
|
|
Batting: RHB Dave Galloway
|
0-0: Called Strike 0-1: Swinging Strike 0-2: Ball 1-2: Ball 2-2: Fly out, F8 (Line Drive, 8LM, EV 106.2 MPH)
|
| Bottom of the 3rd over - 2 runs, 2 hits, 0 errors, 0 left on base; Portland 0 - Montgomery 6 |
| TOP OF THE 4TH |
|
Portland Sea Dogs batting - Pitching for Montgomery Biscuits : RHP Larry Bower
|
|
Batting: RHB Zi-jing Wang
|
0-0: Called Strike 0-1: Called Strike 0-2: Foul Ball, location: 2F 0-2: Ball 1-2: Foul Ball, location: 2F 1-2: Foul Ball, location: 2F 1-2: Ball 2-2: Reached on error, E4 (Groundball, 4, EV 92.5 MPH)
|
|
Batting: LHB Dave Reyes
|
0-0: Called Strike 0-1: Ball 1-1: Fly out, F8 (Line Drive, 89M, EV 85.6 MPH)
|
|
Batting: LHB David Moore
|
0-0: Ball 1-0: Fly out, F8 (Flyball, 78D, EV 101.9 MPH)
|
|
Batting: RHB Dave Burwell
|
0-0: Ball 1-0: Ball 2-0: DOUBLE (Groundball, 5L, EV 96.9 MPH) Zi-jing Wang scores
|
|
Batting: LHB Sergio Tinoco
|
0-0: Foul Ball, location: 2F 0-1: Called Strike 0-2: Ground out 1-3 (Groundball, 34S, EV 66.2 MPH)
|
| Top of the 4th over - 1 run, 1 hit, 1 error, 1 left on base; Portland 1 - Montgomery 6 |
| BOTTOM OF THE 4TH |
|
Montgomery Biscuits batting - Pitching for Portland Sea Dogs : RHP Riley Pooley
|
|
Batting: LHB Darryl Gonnella
|
0-0: Ball 1-0: Ball 2-0: Called Strike 2-1: Ball 3-1: Foul Ball, location: 2F 3-2: Fly out, F7 (Flyball, 7LM, EV 91.9 MPH)
|
|
Batting: RHB Chris Thorson
|
0-0: Ball 1-0: Ball 2-0: SINGLE (Groundball, 34S, EV 66.2 MPH) (infield hit)
|
|
Batting: SHB Joey Pacheco
|
0-0: Called Strike 0-1: Called Strike 0-2: Ball 1-2: Foul Ball, location: 2F 1-2: Foul Ball, location: 2F 1-2: Fly out, F8 (Line Drive, 8LD, EV 88.8 MPH)
|
|
Batting: RHB Alex Diaz
|
0-0: Called Strike 0-1: Swinging Strike 0-2: Fly out, F7 (Flyball, 7, EV 90.0 MPH)
|
| Bottom of the 4th over - 0 runs, 1 hit, 0 errors, 1 left on base; Portland 1 - Montgomery 6 |
| TOP OF THE 5TH |
|
Portland Sea Dogs batting - Pitching for Montgomery Biscuits : RHP Larry Bower
|
|
Batting: RHB Alex Melendez
|
0-0: Foul Ball, location: 2F 0-1: Ball 1-1: Ball 2-1: SINGLE (Line Drive, 7S, EV 106.9 MPH)
|
|
Batting: RHB Mike Batko
|
0-0: Grounds into double play, 4-6-3 (Groundball, 4, EV 89.4 MPH)
|
|
Batting: RHB Frank Sokolosky
|
0-0: Called Strike 0-1: Called Strike 0-2: Foul Ball, location: 2F 0-2: SINGLE (Groundball, 4MD, EV 85.6 MPH) (infield hit)
|
|
Batting: SHB Gus Cruz
|
0-0: Called Strike 0-1: Foul Ball, location: 2F 0-2: Ball 1-2: Strikes out looking
|
| Top of the 5th over - 0 runs, 2 hits, 0 errors, 1 left on base; Portland 1 - Montgomery 6 |
| BOTTOM OF THE 5TH |
|
Montgomery Biscuits batting - Pitching for Portland Sea Dogs : RHP Riley Pooley
|
|
Batting: LHB Eric Toney
|
0-0: Called Strike 0-1: Ball 1-1: Ball 2-1: Swinging Strike 2-2: Strikes out swinging
|
|
Batting: RHB James Huddleston
|
0-0: Called Strike 0-1: Ball 1-1: Ball 2-1: Foul Ball, location: 2F 2-2: Strikes out swinging
|
|
Batting: RHB Roberto Aispuro
|
0-0: Called Strike 0-1: Swinging Strike 0-2: Strikes out swinging
|
| Bottom of the 5th over - 0 runs, 0 hits, 0 errors, 0 left on base; Portland 1 - Montgomery 6 |
| TOP OF THE 6TH |
|
Portland Sea Dogs batting - Pitching for Montgomery Biscuits : RHP Larry Bower
|
|
Batting: RHB Zi-jing Wang
|
0-0: Ground out 5-3 (Groundball, 56D, EV 86.9 MPH)
|
|
Batting: LHB Dave Reyes
|
0-0: Ball 1-0: Ground out 6-3 (Groundball, 6, EV 79.4 MPH)
|
|
Batting: LHB David Moore
|
0-0: Ball 1-0: Ball 2-0: Called Strike 2-1: Foul Ball, location: 2F 2-2: Strikes out swinging
|
| Top of the 6th over - 0 runs, 0 hits, 0 errors, 0 left on base; Portland 1 - Montgomery 6 |
| BOTTOM OF THE 6TH |
|
Montgomery Biscuits batting - Pitching for Portland Sea Dogs : RHP Riley Pooley
|
|
Batting: LHB Danny Hull
|
0-0: Ball 1-0: Ball 2-0: Ball 3-0: Base on Balls
|
|
Pitching: LHP Kevin Turner
|
|
|
Batting: RHB Dave Galloway
|
0-0: Ball 1-0: Ball 2-0: Ball 3-0: Called Strike 3-1: Grounds into double play, 6-4-3 (Groundball, 6, EV 82.5 MPH)
|
|
Batting: LHB Darryl Gonnella
|
0-0: Foul Ball, location: 2F 0-1: Foul Ball, location: 2F 0-2: Strikes out swinging
|
| Bottom of the 6th over - 0 runs, 0 hits, 0 errors, 0 left on base; Portland 1 - Montgomery 6 |
| TOP OF THE 7TH |
|
Portland Sea Dogs batting - Pitching for Montgomery Biscuits : RHP Larry Bower
|
|
Batting: RHB Dave Burwell
|
0-0: Ground out 6-3 (Groundball, 6, EV 88.8 MPH)
|
|
Batting: LHB Sergio Tinoco
|
0-0: Ball 1-0: Foul Ball, location: 2F 1-1: DOUBLE (Groundball, 3L, EV 101.9 MPH) - OUT at third base trying to stretch hit.
|
|
Batting: RHB Alex Melendez
|
0-0: Ball 1-0: DOUBLE (Line Drive, 78D, EV 104.4 MPH)
|
|
Batting: RHB Mike Batko
|
0-0: Called Strike 0-1: Fly out, F7 (Flyball, 7S, EV 90.0 MPH)
|
| Top of the 7th over - 0 runs, 2 hits, 0 errors, 1 left on base; Portland 1 - Montgomery 6 |
| BOTTOM OF THE 7TH |
|
Montgomery Biscuits batting - Pitching for Portland Sea Dogs : LHP Kevin Turner
|
|
Batting: RHB Chris Thorson
|
0-0: Swinging Strike 0-1: Ball 1-1: Ball 2-1: Fly out, F7 (Flyball, 7, EV 88.8 MPH)
|
|
Batting: SHB Joey Pacheco
|
0-0: Ball 1-0: Ball 2-0: Fly out, F7 (Flyball, 7, EV 83.8 MPH)
|
|
Batting: RHB Alex Diaz
|
0-0: Ball 1-0: Foul Ball, location: 2F 1-1: Swinging Strike 1-2: Ball 2-2: Foul Ball, location: 2F 2-2: Ball 3-2: Foul Ball, location: 2F 3-2: Strikes out swinging
|
| Bottom of the 7th over - 0 runs, 0 hits, 0 errors, 0 left on base; Portland 1 - Montgomery 6 |
| TOP OF THE 8TH |
|
Portland Sea Dogs batting - Pitching for Montgomery Biscuits : RHP Larry Bower
|
|
Batting: RHB Frank Sokolosky
|
0-0: Called Strike 0-1: Ball 1-1: Foul Ball, location: 2F 1-2: Foul Ball, location: 2F 1-2: Ball 2-2: Strikes out swinging
|
|
Batting: SHB Gus Cruz
|
0-0: Called Strike 0-1: SINGLE (Line Drive, 34D, EV 104.4 MPH)
|
|
Batting: RHB Zi-jing Wang
|
0-0: Ball 1-0: Foul Ball, location: 2F 1-1: Foul Ball, location: 2F 1-2: Ball 2-2: SINGLE (Groundball, 56D, EV 95.0 MPH) Gus Cruz to second Throwing error, E7 Gus Cruz scores Zi-jing Wang to second
|
|
Batting: LHB Dave Reyes
|
0-0: Ball 1-0: Called Strike 1-1: Foul Ball, location: 2F 1-2: Ball 2-2: Ball 3-2: Base on Balls
|
|
Pitching: RHP David Breaux
|
|
|
Batting: LHB David Moore
|
0-0: Ball 1-0: Ball 2-0: Ball 3-0: Called Strike 3-1: Swinging Strike 3-2: SINGLE (Line Drive, 9LM, EV 103.1 MPH) Zi-jing Wang to third Dave Reyes to second Runner from 3rd tries for Home, SAFE, throw by RF to home
|
|
Batting: RHB Dave Burwell
|
0-0: Ball 1-0: Ball 2-0: DOUBLE (Flyball, 8LXD, EV 96.9 MPH) Dave Reyes scores David Moore to third
|
|
Batting: LHB Sergio Tinoco
|
0-0: Ball 1-0: Ball 2-0: SINGLE (Groundball, 56D, EV 94.4 MPH) David Moore scores Dave Burwell to third Runner from 3rd tries for Home, throw by LF and OUT! 7-2 Sergio Tinoco to second
|
|
Pinch Hitting: LHB Aaron Brannon
|
0-0: Ball 1-0: Ball 2-0: Foul Ball, location: 2F 2-1: Foul Ball, location: 2F 2-2: Ground out U3 (Groundball, 3, EV 89.4 MPH)
|
| Top of the 8th over - 4 runs, 5 hits, 1 error, 1 left on base; Portland 5 - Montgomery 6 |
| BOTTOM OF THE 8TH |
|
Montgomery Biscuits batting - Pitching for Portland Sea Dogs : LHP Kevin Turner
|
|
Pitching: RHP Elliot Monroe
|
|
|
Now at C: Pat Bulger
|
|
|
Batting: LHB Eric Toney
|
0-0: Called Strike 0-1: Foul Ball, location: 2F 0-2: SINGLE (Groundball, 34D, EV 99.4 MPH)
|
|
Batting: RHB James Huddleston
|
0-0: Bunted foul 0-1: Ball 1-1: Bunted foul 1-2: Ball 2-2: Foul Ball, location: 2F 2-2: Ball 3-2: Foul Ball, location: 2F 3-2: Fly out, F8 (Flyball, 8RS, EV 90.0 MPH)
|
|
Batting: RHB Roberto Aispuro
|
0-0: Called Strike 0-1: Ball 1-1: Called Strike 1-2: Ball 2-2: Strikes out looking
|
|
Batting: LHB Danny Hull
|
0-0: Foul Ball, location: 2F 0-1: Called Strike 0-2: Ball 1-2: Foul Ball, location: 2F 1-2: Strikes out swinging
|
| Bottom of the 8th over - 0 runs, 1 hit, 0 errors, 1 left on base; Portland 5 - Montgomery 6 |
| TOP OF THE 9TH |
|
Portland Sea Dogs batting - Pitching for Montgomery Biscuits : RHP David Breaux
|
|
Now at 2B: Khalil Walker
|
|
|
Batting: RHB Mike Batko
|
0-0: Called Strike 0-1: Called Strike 0-2: Foul Ball, location: 2F 0-2: Ball 1-2: Ball 2-2: Ground out 5-3 (Groundball, 5, EV 104.4 MPH)
|
|
Pinch Hitting: LHB Parker Lowe
|
0-0: Called Strike 0-1: Called Strike 0-2: Fly out, F9 (Flyball, 89S, EV 100.0 MPH)
|
|
Batting: SHB Gus Cruz
|
0-0: Ball 1-0: Fly out, F9 (Flyball, 89D, EV 97.5 MPH)
|
| Top of the 9th over - 0 runs, 0 hits, 0 errors, 0 left on base; Portland 5 - Montgomery 6 |
|